 Dungeon Crawl Stone Soup version 0.23.2 (webtiles) character file.

Game seed: 3780044177163127592

756 Borgoz the Ducker (level 7, -1/58 HPs)
             Began as a Ghoul Gladiator on Apr 3, 2019.
             Was an Initiate of Ashenzari.
             Slain by Prince Ribbit (13 damage)
             ... on level 5 of the Dungeon.
             The game lasted 00:06:21 (4622 turns).

Borgoz the Ducker (Ghoul Gladiator)                 Turns: 4622, Time: 00:06:22

Health: -1/58      AC:  5    Str: 18    XL:     7   Next: 79%
Magic:  6/6        EV: 13    Int:  5    God:    Ashenzari [......]
Gold:   182        SH:  0    Dex: 10    Spells: 6/6 levels left

rFire    + . .     SeeInvis .   l - +3 dagger (freeze)
rCold    + . .     Gourm    .   (no shield)
rNeg     + + +     Faith    .   b - +0 leather armour
rPois    ∞         Spirit   .   c - +0 helmet
rElec    .         Reflect  .   (no cloak)
rCorr    .         Harm     .   (no gloves)
MR       .....                  h - +0 pair of boots
Stlth    ++........             (no amulet)
HPRegen  0.00/turn              e - ring of protection from fire
MPRegen  0.10/turn              (no ring)

@: rotting
A: rotting body, claws 1, carnivore, cold resistance 1, negative energy
resistance 3, inhibited regeneration, torment resistance, unbreathing
a: Curse Item, Renounce Religion


You were on level 5 of the Dungeon.
You worshipped Ashenzari.
Ashenzari was noncommittal.
You were not hungry.

You visited 2 branches of the dungeon, and saw 6 of its levels.

You collected 182 gold pieces.

Inventory:

Hand Weapons
 a - a +0 rapier
 g - a +0 dagger of venom
 l - a +3 dagger of freezing (weapon)
 D - a +3 dagger
Missiles
 d - 3 throwing nets (quivered)
 u - 9 tomahawks
Armour
 b - a +0 leather armour (worn)
 c - a +0 helmet (worn)
 h - a +0 pair of boots (worn)
Jewellery
 e - a ring of protection from fire (left claw)
Wands
 y - a wand of clouds (4)
 A - a wand of digging (6)
Scrolls
 k - a scroll of amnesia
 m - a scroll of enchant armour {unknown}
 r - 2 scrolls of random uselessness {unknown}
 s - 4 scrolls of remove curse
 t - a scroll of teleportation {unknown}
 v - a scroll of noise {unknown}
 w - 2 scrolls of blinking
 B - a scroll of magic mapping {unknown}
 C - a scroll of torment {unknown}
 E - a scroll of identify
Potions
 i - a potion of agility
 n - a potion of flight {unknown}
 o - a potion of ambrosia
 p - a potion of degeneration {unknown}
 q - 2 potions of magic
 x - a potion of resistance {unknown}
Comestibles
 f - 11 rations


   Skills:
 + Level 3.8 Fighting
 * Level 4.6 Short Blades
 - Level 1.7 Throwing
 * Level 3.6 Armour
 * Level 4.6 Dodging
 + Level 3.1 Stealth


You had 6 spell levels left.
You didn't know any spells.
Your spell library contained the following spells:

 Spells                   Type           Power        Failure   Level  Hunger
 Animate Skeleton         Necr           N/A          54%         1    ##.....
 Apportation              Tloc           #.....       54%         1    ##.....
 Confusing Touch          Hex            #.....       54%         1    ##.....
 Summon Small Mammal      Summ           #...         54%         1    ##.....


Dungeon Overview and Level Annotations

Branches:
Dungeon (5/15)             Temple (1/1) D:4

Altars:
Ashenzari
Cheibriados
Dithmenos
Elyvilon
Gozag
Hepliaklqana
Kikubaaqudgha
Makhleb
Nemelex Xobeh
Okawaru
Qazlal
Ru
Sif Muna
Trog
Uskayaw
Vehumet
Wu Jian
Xom
Yredelemnul
Zin
The Shining One

Annotations:
D:5 Prince Ribbit


Innate Abilities, Weirdness & Mutations

Your body is rotting away.
You thrive on raw meat.
You are immune to poison.
You have sharp fingernails.
You are carnivorous and can eat meat at any time.
Your flesh is cold resistant. (rC+)
You are immune to negative energy. (rN+++)
You do not regenerate when monsters are visible.
You are immune to unholy pain and torment.
You can survive without breathing.


Message History

Prince Ribbit hits you.
You closely miss Prince Ribbit.
Prince Ribbit is heavily wounded.
Prince Ribbit barely misses you.
You miss Prince Ribbit.
Prince Ribbit is heavily wounded.
Prince Ribbit hits you!
* * * LOW HITPOINT WARNING * * *
You hit Prince Ribbit. You freeze Prince Ribbit.
Prince Ribbit is severely wounded.
Prince Ribbit casts a spell.
Prince Ribbit looks slightly unstable.
You barely miss Prince Ribbit.
Prince Ribbit is severely wounded.
Prince Ribbit hits you!
* * * LOW HITPOINT WARNING * * *
You feel better. Prince Ribbit hits you.
* * * LOW HITPOINT WARNING * * *
Prince Ribbit hits you!
You die...

........ ........ . ####
........ .. #####..# ##
.......#
...##......###.####
.......#
..>.....>.#.#..#..#
........
.....s.......!..... .....#
#F@........... ÷....#..
#..........#
..............#..........#
...............#..##.#####
.......................#
..............#####....#
....#...##.............#
....##...#........###..#
.....#......#.....###.##


You could see Prince Ribbit and a scorpion.

Vanquished Creatures
  An ice beast (D:5)
  A necrophage (D:5)
  A bullfrog (D:5)
  A crimson imp (D:5)
  3 hounds
  A centaur skeleton (D:5)
  2 iguanas (D:5)
  5 worker ants
  A howler monkey skeleton (D:5)
  7 adders
  3 oozes
  An adder skeleton (D:4)
  5 worms
  2 dart slugs
  3 leopard geckos
  7 orcs
  3 ball pythons (D:1)
  3 giant cockroaches
  6 goblins
  8 hobgoblins
  8 jackals
  6 kobolds
  3 quokkas
  7 bats
  3 frilled lizards
  A quokka skeleton (D:4)
  10 rats
102 creatures vanquished.

Notes
Turn   | Place    | Note
-------+----------+-------------------------------------------
     0 | D:1      | Borgoz the Ghoul Gladiator began the quest for the Orb.
     0 | D:1      | Reached XP level 1. HP: 17/17 MP: 0/0
   137 | D:1      | Reached XP level 2. HP: 12/24 MP: 1/1
   419 | D:1      | Reached skill level 1 in Armour
   419 | D:1      | Reached XP level 3. HP: 9/30 MP: 2/2
  1374 | D:2      | Reached skill level 1 in Stealth
  1411 | D:2      | Reached XP level 4. HP: 32/37 MP: 3/3
  1977 | D:3      | Reached XP level 5. HP: 41/42 MP: 4/4
  2481 | D:4      | Found a staircase to the Ecumenical Temple.
  2583 | Temple   | Entered the Ecumenical Temple
  2703 | Temple   | Became a worshipper of Ashenzari the Shackled
  3143 | D:4      | Reached XP level 6. HP: 38/51 MP: 5/5
  3337 | D:5      | Entered Level 5 of the Dungeon
  3441 | D:5      | Noticed a necrophage
  3482 | D:5      | Killed a necrophage
  3782 | D:5      | Reached XP level 7. HP: 45/57 MP: 6/6
  4607 | D:5      | Noticed Prince Ribbit
  4622 | D:5      | Slain by Prince Ribbit

Skill      XL: |  1  2  3  4  5  6  7 |
---------------+----------------------+-----
Short Blades   | 3 4 |  4.6
Dodging        | 3 4 |  4.6
Armour         | 1 2 3 |  3.6
Stealth        | 1 2 3 |  3.1
Fighting       | 3 |  3.8
Throwing       | |  1.7

Action                   |  1- 3 |  4- 6 |  7- 9 || total
-------------------------+-------+-------+-------++-------
Melee: Dagger            |   133 |   286 |   109 ||   528
       Rapier            |     2 |       |       ||     2
  Use: Scroll            |       |     7 |       ||     7
       Potion            |       |       |     1 ||     1
 Stab: Sleeping          |     1 |     4 |       ||     5
  Eat: Chunk             |     2 |    10 |       ||    12
Armor: Leather armour    |    41 |    71 |    21 ||   133
Dodge: Dodged            |    83 |   165 |    61 ||   309
